 Dungeon Crawl Stone Soup version 0.17.0-26-gececa24 (console) character file.

651 gw the Ruffian (level 7, -1/44 HPs)
             Began as a Gargoyle Monk on Nov 20, 2015.
             Was a Believer of the Shining One.
             Slain by gw's ghost (11 damage)
             ... on level 5 of the Dungeon.
             The game lasted 00:05:10 (4903 turns).

gw the Ruffian (Gargoyle Monk)                      Turns: 4903, Time: 00:05:11

Health: -1/44      AC: 16    Str: 15    XL:     7   Next: 53%
Magic:  7/8        EV:  7    Int: 10    God:    the Shining One [**....]
Gold:   308        SH:  6    Dex: 12    Spells: 0 memorised, 6 levels left

rFire  + + .     SeeInvis .       - Unarmed
rCold  . . .     Clarity  +     o - +1 chain mail {rF+}
rNeg   + + .     SustAt   .     (no shield)
rPois  ∞         Gourm    .     r - +0 helmet (curse)
rElec  +         Spirit   .     (no cloak)
rCorr  .         Warding  .     (no gloves)
rMut   .         Stasis   .     (no boots)
MR     .....                    (no amulet)
Stlth  ..........               s - -2 ring of dexterity (curse)
                                q - ring of protection from fire

@: divine shield, glowing, not resistant to hostile enchantments, extremely
unstealthy
A: clarity, negative energy resistance 1, electricity resistance, unbreathing,
petrification resistance, rot immunity, MP-powered wands, AC +4
a: Divine Shield, Renounce Religion


You were on level 5 of the Dungeon.
You worshipped the Shining One.
The Shining One was pleased with you.
You were not hungry.

You visited 2 branches of the dungeon, and saw 6 of its levels.

You collected 308 gold pieces.

Inventory:

Missiles
 g - 92 stones
 m - 2 tomahawks of returning (quivered)
Armour
 o - a +1 chain mail of fire resistance (worn)
 r - a cursed +0 helmet (worn)
Jewellery
 q - a ring of protection from fire (left hand)
 s - a cursed -2 ring of dexterity (right hand)
Scrolls
 a - 5 scrolls of identify
 c - a scroll of recharging
 d - a scroll of fog {unknown}
 e - a scroll of amnesia {unknown}
 k - 2 scrolls of remove curse
 n - 2 scrolls of blinking
 p - a scroll of immolation {unknown}
Potions
 f - a potion of brilliance
 l - a potion of curing
Comestibles
 b - 4 bread rations
 h - a meat ration
 i - 8 fruits
 j - 2 slices of pizza


   Skills:
 + Level 4.8 Fighting
 + Level 2.6 Throwing
 + Level 3.2 Armour
 - Level 2.4 Dodging
 - Level 2.1 Stealth
 * Level 6.4 Unarmed Combat
 + Level 2.3 Invocations


You had 6 spell levels left.
You didn't know any spells.

Dungeon Overview and Level Annotations

Branches:
Dungeon (5/15)             Temple (1/1) D:4

Altars:
Ashenzari
Dithmenos
Elyvilon
Fedhas
Gozag
Kikubaaqudgha
Makhleb
Nemelex Xobeh
Okawaru
Qazlal
Ru
Sif Muna
Trog
Vehumet
Xom
Yredelemnul
Zin
The Shining One

Annotations:
D:5 gw's ghost, amateur MiFi


Innate Abilities, Weirdness & Mutations

You are resistant to torment.
Your stone body is resilient (AC +4).
You are immune to poison.
You resist negative energy.
You are resistant to electric shocks.
You can survive without breathing.
You are immune to petrification.
You are immune to rotting.
You possess an exceptional clarity of mind.
You expend magic power (3 MP) to strengthen your wands.


Message History

The gnoll hits you but does no damage. You block gw's ghost's attack.
The gnoll shaman hits you but does no damage.
The gnoll hits you with a spear.
ATTACK MOVE TO (-1,0)
You hit the gnoll shaman but do no damage.
The gnoll shaman is severely wounded.
The gnoll barely misses you. Gw's ghost hits you.
The gnoll hits you with a spear. The gnoll shaman barely misses you.
ATTACK MOVE TO (-1,0)
You hit the gnoll shaman.
The gnoll shaman is almost dead.
The gnoll hits you but does no damage. The gnoll barely misses you.
Gw's ghost hits you!
ATTACK MOVE TO (-1,0)
You hit the gnoll shaman.
You kill the gnoll shaman!
The Shining One accepts your kill.
You feel better. The gnoll barely misses you.
The gnoll hits you but does no damage. Gw's ghost hits you!
You die...

###..##.#########
#.# ##......#
#.####### ##.#..###
#........ ##.#..#
######.######.
...##.##
###.............
#####.>#
#........~......
##.#
#.#....~.......# #.#
#####%..~~~~~..~~..#
#.#
#....)9..~~#~~#~~..#
#.#
#...?gW..~#~~~~~~..#
######.#
#....g....#~>.~~~..#
.......#
#........~#~_8~#...
########
.'.........'~~~~#..
##........~#~##~#
##'##'....~~~~ #.
#......~~~


You could see gw's ghost and 2 gnolls.

Table legend:
 A = Turns spent in this place as a percentage of turns spent in the entire game.
 B = Non-inter-level travel turns spent in this place as a percentage of non-inter-level travel turns spent in the entire game.
 C = Inter-level travel turns spent in this place as a percentage of turns spent in this place.
 D = Turns resting spent in this place as a percentage of non-inter-level travel turns spent in this place.
 E = Turns spent auto-exploring this place as a percentage of non-inter-level travel turns spent in this place.
 F = Non-inter-level travel turns spent in this place divided by the number of levels of this place that you've seen.
                   A       B       C       D       E      F
               +-------+-------+-------+-------+-------+----------------------
         Total | 100.0 | 100.0 |   0.5 |   0.6 |   2.4 | 1373.2
       Dungeon |  97.8 |  97.8 |   0.5 |   0.6 |   2.4 | 1610.8
        Temple |   2.2 |   2.2 |   0.5 |   0.0 |   2.7 | 185.0
               +-------+-------+-------+-------+-------+----------------------

Table legend:
 A = Kills in this place as a percentage of kills in entire the game.
 B = Kills by you in this place as a percentage of kills by you in the entire game.
 C = Kills by friends in this place as a percentage of kills by friends in the entire game.
 D = Other kills in this place as a percentage of other kills in the entire game.
 E = Experience gained in this place as a percentage of experience gained in the entire game.
 F = Experience gained in this place divided by the number of levels of this place that you have seen.
                   A       B       C       D       E      F
               +-------+-------+-------+-------+-------+----------------------
         Total | 100.0 | 100.0 |  -nan |  -nan | 100.0 | 155.0
       Dungeon | 100.0 | 100.0 |  -nan |  -nan | 100.0 | 186.0
               +-------+-------+-------+-------+-------+----------------------

Vanquished Creatures
  Grinder (D:5)
  An ogre (D:5)
  An orc wizard (D:5)
  A hound (D:4)
  A gnoll shaman (D:5)
  A giant frog skeleton (D:5)
  A hound zombie (D:5)
  A worker ant zombie (D:5)
  5 gnolls
  6 adders
  A shadow imp (D:5)
  3 oozes
  3 worms
  An adder skeleton (D:5)
  5 giant geckos
  9 orcs
  2 ball pythons
  11 bats
  A giant cockroach (D:5)
  4 goblins
  8 hobgoblins
  3 jackals (D:4)
  6 kobolds
  4 quokkas
  8 giant newts
  7 rats
95 creatures vanquished.

Notes
Turn   | Place    | Note
--------------------------------------------------------------
     0 | D:1      | gw the Gargoyle Monk began the quest for the Orb.
     0 | D:1      | Reached XP level 1. HP: 14/14 MP: 1/1
   139 | D:1      | Reached XP level 2. HP: 12/19 MP: 2/2
   835 | D:1      | Reached XP level 3. HP: 23/23 MP: 3/3
  1087 | D:2      | Reached skill level 1 in Armour
  1150 | D:2      | Reached skill level 1 in Throwing
  1509 | D:2      | Reached XP level 4. HP: 29/29 MP: 4/4
  2253 | D:2      | Gained mutation: You possess an exceptional clarity of mind. [potion of mutation]
  2253 | D:2      | Gained mutation: You expend magic power (3 MP) to strengthen your wands. [potion of mutation]
  2704 | D:3      | Found a basalt altar of Yredelemnul.
  2849 | D:4      | Found a staircase to the Ecumenical Temple.
  2856 | Temple   | Entered the Ecumenical Temple
  2949 | Temple   | Became a worshipper of the Shining One
  2949 | Temple   | Reached * piety under the Shining One
  2949 | Temple   | Reached ** piety under the Shining One
  3091 | D:4      | Reached XP level 5. HP: 31/33 MP: 5/5
  3092 | D:4      | Reached skill level 5 in Unarmed Combat
  3338 | D:4      | Reached skill level 1 in Invocations
  3900 | D:4      | Reached XP level 6. HP: 39/39 MP: 6/6
  4067 | D:5      | Entered Level 5 of the Dungeon
  4188 | D:5      | Noticed Grinder
  4230 | D:5      | Killed Grinder
  4230 | D:5      | Reached XP level 7. HP: 42/44 MP: 6/8
  4343 | D:5      | Reached skill level 6 in Unarmed Combat
  4640 | D:5      | Found a stormy altar of Qazlal.
  4648 | D:5      | Noticed gw's ghost (amateur MiFi)
  4903 | D:5      | Slain by gw's ghost

Action                   |  1- 3 |  4- 6 |  7- 9 || total
-------------------------+-------+-------+-------++-------
Melee: Unarmed           |   119 |   126 |    58 ||   303
Throw: Stone             |    73 |    36 |     2 ||   111
       Tomahawk          |       |    82 |    13 ||    95
Invok: Divine Shield     |       |     1 |     2 ||     3
  Use: Scroll            |     3 |     9 |     1 ||    13
       Potion            |     1 |     6 |       ||     7
 Stab: Sleeping          |     1 |       |       ||     1
  Eat: Chunk             |     2 |     7 |     4 ||    13

Vault maps used:
D:1:      dpeg_arrival_long_road
D:3:      first_bread, lemuel_statue_altar
D:4:      minmay_temple_entry_trees
D:5:      serial_bayou_lagoon_a, nicolae_qazlal_general_emergency, uniq_grinder
Temple:   kilobyte_greek_temple_18
